 Dungeon Crawl Stone Soup version 0.25-a0-578-gc91f01c39c (webtiles) character file.

Game seed: 6744742067600479942, levelgen mode: deterministic

12 Lugonue the Scratcher (level 2, -1/12 HPs)
             Began as a Felid Transmuter on Mar 3, 2020.
             Slain by a leopard gecko (4 damage)
             ... on level 1 of the Dungeon.
             The game lasted 00:00:36 (538 turns).

Lugonue the Scratcher (Felid Transmuter)             Turns: 538, Time: 00:00:36

Health: -1/12      AC: -1    Str:  6    XL:     2   Next: 20%
Magic:  5/6        EV: 18    Int: 14    God:
Gold:   10         SH:  0    Dex: 16    Spells: 4/5 levels left
                                        Lives:  0   Deaths: 0

rFire    . . .     SeeInvis +     - Unarmed
rCold    . . .     Gourm    .   (shield unavailable)
rNeg     . . .     Faith    .   (armour unavailable)
rPois    .         Spirit   .   (helmet unavailable)
rElec    .         Reflect  .   (cloak unavailable)
rCorr    .         Harm     .   (gloves unavailable)
MR       .....                  (boots unavailable)
Stlth    ++........             (no amulet)
HPRegen  0.04/turn              b - -2 ring of protection (curse)
MPRegen  0.10/turn              (no ring)

@: appendage (expiring), quick
A: very small, no armour, no weapons or thrown items, stealth, claws 1, fangs 3,
horns 2, see invisible, carnivore, speed 1, shaggy fur 1, slow metabolism 1,
sharp paws
a: End Transformation


You were on level 1 of the Dungeon.
You were not hungry.
You had grown temporary horns.
You visited 1 branch of the dungeon, and saw 1 of its levels.

You collected 10 gold pieces.

Inventory:

Missiles
 a - 12 arrows
Jewellery
 b - a cursed -2 ring of protection (left paw)
Scrolls
 e - a scroll of remove curse {unknown}
 f - a scroll of fog {unknown}
 h - a scroll of identify {unknown}
Potions
 d - a potion of experience {unknown}
 g - a potion of degeneration {unknown}
Comestibles
 c - a ration


   Skills:
 + Level 1.0 Fighting
 + Level 3.1 Dodging
 + Level 1.0 Stealth
 + Level 3.3 Unarmed Combat
 + Level 2.0 Spellcasting
 + Level 2.2 Transmutations


You had 4 spell levels left.
You knew the following spells:

 Your Spells              Type           Power        Failure   Level  Hunger
a - Beastly Appendage     Tmut           #.....       10%         1    ##.....

Your spell library contained the following spells:

 Spells                   Type           Power        Failure   Level  Hunger
 Sticks to Snakes         Tmut           #.......     14%         2    ###....
 Spider Form              Tmut/Pois      #.........   41%         3    ####...
 Ice Form                 Ice/Tmut       #.......     83%         4    #####..
 Blade Hands              Tmut           #.........   95%         5    ######.


Dungeon Overview and Level Annotations

Branches:
Dungeon (1/15)

Altars:


Innate Abilities, Weirdness & Mutations

You cannot wear armour.
You are incapable of wielding weapons or throwing items.
Your paws allow you to move quietly. (Stealth)
You have sharp claws.
You have razor-sharp teeth.
You have supernaturally acute eyesight. (SInv)
You are carnivorous and can eat meat at any time.
You cover ground quickly.
You are covered in fur. (AC +1)
You have a slow metabolism.
Your sharp claws are effective at attacking unaware monsters.
You have a pair of horns on your head.


Message History

A leopard gecko is nearby!
The leopard gecko hisses angrily.
Casting: Beastly Appendage (safe; 10% risk of failure)
Confirm with . or Enter, or press ? or * to list all spells.
You grow a pair of large bovine horns.
The leopard gecko bites you. The leopard gecko bites you.
You are too injured to fight recklessly!
You are too injured to fight recklessly!
You are too injured to fight recklessly!
You are too injured to fight recklessly!
You scratch the leopard gecko but do no damage.
You bite the leopard gecko, but do no damage.
Your transformation is almost over.
The leopard gecko bites you.
* * * LOW HITPOINT WARNING * * *
You scratch the leopard gecko.
The leopard gecko is moderately wounded.
The leopard gecko bites you.
You die...

.....#.#.#
.....#.#.# ...
.#...#.#.# #.##
##...#...# #..
.....#.#.# ...
####.########
##.##
............# #...
####.######.# #..#
......###.#.# #l@#
####......#.# #..#
###..>.##.#.# #..#
.##....##...# #..#
.......########..#
.)...............#
.#########..###.##
########........#
.........#.#.####


You could see a leopard gecko.

Vanquished Creatures
  A dart slug (D:1)
  3 bats (D:1)
  A giant cockroach (D:1)
  A goblin (D:1)
  A hobgoblin (D:1)
  2 frilled lizards (D:1)
  A rat (D:1)
10 creatures vanquished.

Notes
Turn   | Place    | Note
-------+----------+-------------------------------------------
     0 | D:1      | Lugonue the Felid Transmuter began the quest for the Orb.
     0 | D:1      | Reached XP level 1. HP: 9/9 MP: 4/4
   264 | D:1      | Reached XP level 2. HP: 11/12 MP: 4/6
   351 | D:1      | Reached skill level 1 in Stealth
   538 | D:1      | Slain by a leopard gecko

Levels and vault maps discovered:
D:1:      dpeg_arrival_oval, layout_basic

Skill      XL: |  1  2 |
---------------+-------+-----
Dodging        | 3 |  3.1
Stealth        | 1 |  1.0
Fighting       | |  1.0
Unarmed Combat | |  3.3
Spellcasting   | |  2.0
Transmutations | |  2.2

Action                   || total
-------------------------++-------
Melee: Unarmed           ||    25
       Bite              ||     3
       Punch             ||     1
 Cast: Beastly Appendage ||     4
 Stab: Sleeping          ||     2
Dodge: Dodged            ||    16

Table legend:
 A = Non-vault XP
 B = Vault XP
 C = Vault XP percentage of total XP
 D = Non-vault monster count
 E = Vault monster count
 F = Vault count percentage of total count
                 A         B        C        D         E       F
            +---------+---------+-------+---------+---------+-------
      Total |      18 |       0 |   0.0 |      10 |       0 |   0.0
            +---------+---------+-------+---------+---------+-------
        D:1 |      18 |       0 |   0.0 |      10 |       0 |   0.0
            +---------+---------+-------+---------+---------+-------
